 Dungeon Crawl Stone Soup version 0.30.0-20-g3615ddf2f0 (webtiles) character file.

Game seed: 15870812745734577311

22 qw the Shield-Bearer (level 2, -3/19 HPs)
             Began as a Gargoyle Fighter on May 27, 2023.
             Slain by Terence
             ... wielding a +0 flail
              (6 damage)
             ... on level 2 of the Dungeon.
             The game lasted 00:00:24 (858 turns).

qw the Shield-Bearer (Gargoyle Fighter)              Turns: 858, Time: 00:00:25

Health: -3/19      AC:  9    Str: 19    XL:     2   Next: 91%
Magic:  2/2        EV:  9    Int:  8    God:
Gold:   59         SH:  4    Dex:  9    Spells: 1/1 levels left

rFire   . . .        Y - +0 war axe
rCold   . . .        c - +0 buckler
rNeg    + . .        b - +0 scale mail
rPois   inf          (no helmet)
rElec   +            (no cloak)
rCorr   .            (no gloves)
SInv    .            (no boots)
Will    .....        (no amulet) Stlth
                     (no ring)
HPRegen 0.23/turn    (no ring)
MPRegen 0.08/turn

%: no passive effects
@: no status effects
A: sickness immunity, AC +2, negative energy resistance 1, electricity
resistance, torment resistance 1, petrification resistance
a: no special abilities


You were on level 2 of the Dungeon.
You visited 1 branch of the dungeon, and saw 2 of its levels.

You collected 59 gold pieces.


Innate Abilities, Weirdness & Mutations

You are immune to sickness and miasma.
Your stone body is resilient. (AC +2)
You are immune to poison.
You resist negative energy. (rN+)
You are resistant to electric shocks. (rElec)
You are resistant to unholy torment.
You are immune to petrification.


   Skills:
 - Level 3.2 Fighting
 + Level 3.0 Axes
 - Level 3.2 Armour
 - Level 3.2 Shields


You had one spell level left.
You didn't know any spells.
Your spell library was empty.

Inventory:

Hand Weapons
 h - a +1 whip of electrocution
 Y - a +0 war axe (weapon)
Armour
 b - a +0 scale mail (worn)
 c - a +0 buckler (worn)
Scrolls
 e - a scroll of enchant weapon {unknown}
Potions
 a - a potion of degeneration {unknown}
 d - a potion of might
 g - a potion of heal wounds {unknown}
 i - a potion of flight {unknown}
 l - a potion of mutation {unknown}

Dungeon Overview and Level Annotations

Branches:
Dungeon (2/15)

Altars:

Annotations:
D:1 1 runed translucent door
D:2 Terence


Message History

You climb downwards.
Your summoned allies are left behind.
There is a stone staircase leading up here.
Waypoint 1 assigned to D:2.
a - a fuming dark potion
e - a scroll labelled EFUZAMPE MUNA You feel your willpower return.
Found a leather armour.
Terence the Incautious comes into view.
He is wielding a +0 flail.
Terence shouts!
You slash Terence!
Terence is moderately wounded.
Terence hits you but does no damage.
A kobold comes into view. It is wielding a +0 dagger.
You barely miss Terence.
Terence is moderately wounded.
The kobold shouts!
Terence hits you with a +0 flail.
You closely miss Terence.
Terence is moderately wounded.
Terence hits you with a +0 flail. x2
You barely miss Terence.
Terence is moderately wounded.
Terence hits you with a +0 flail.
You hit Terence.
Terence is moderately wounded.
Terence hits you with a +0 flail. Terence barely misses you.
You hit Terence.
Terence is heavily wounded.
You closely miss the kobold. You block Terence's attack.
The kobold barely misses you.
You hit Terence.
Terence is heavily wounded.
You hit the kobold but do no damage.
Terence drinks a potion.
Terence is healed!
The kobold closely misses you.
You closely miss Terence.
Terence is lightly wounded.
You slash the kobold!
You kill the kobold!
Terence barely misses you. Terence hits you with a +0 flail.
You die...

#####+######
#..........#
#..........# #######
#..........# #.....#
#..........#
.###.....####..........#
......).................
......@@.##............#
......#####...###.#....#
..... #...# #.#....#
.... #...# #......# ..[
#...###....... .#
#...#....#....
###...#....####.
...........# .
#######.#....#


You could see Terence.

Vanquished Creatures
  2 giant cockroaches (D:1)
  A hobgoblin (D:1)
  3 quokkas (D:1)
  2 ball pythons (D:1)
  2 bats (D:1)
  2 frilled lizards (D:1)
  5 goblins (D:1)
  3 kobolds
  A rat (D:1)
21 creatures vanquished.

Notes
Turn   | Place    | Note
-------+----------+-------------------------------------------
     0 | D:1      | qw the Gargoyle Fighter began the quest for the Orb.
     0 | D:1      | Reached XP level 1. HP: 14/14 MP: 1/1
     0 | D:1      | 0 ||| qw: Version: 0.2-a-99-gce666ed
     0 | D:1      | 0 ||| qw: Game counter: 136
     0 | D:1      | 0 ||| qw: Always use a shield: true
     0 | D:1      | 0 ||| qw: God list: Okawaru
     0 | D:1      | 0 ||| qw: Allow faded altars: false
     0 | D:1      | 0 ||| qw: Do Orc after D:15 true
     0 | D:1      | 0 ||| qw: Do second Lair branch before Depths: true
     0 | D:1      | 0 ||| qw: Lair rune preference: random
     0 | D:1      | 0 ||| qw: Plans: Normal, Zot:1-4, God:TSO, Crypt, Tomb,
                  | Pan, Slime:5, Hells, Abyss, Win
     0 | D:1      | 0 ||| PLANNING D:1-11
     1 | D:1      | Found a runed translucent door.
    14 | D:1      | 14 ||| Stepping ~*~*~tactically~*~*~ (stealth).
    36 | D:1      | 36 ||| DROPPING +1 heavy hand axe.
    59 | D:1      | 59 ||| Stepping ~*~*~tactically~*~*~ (hiding).
    60 | D:1      | 60 ||| Stepping ~*~*~tactically~*~*~ (hiding).
   167 | D:1      | 167 ||| DROPPING +0 club.
   186 | D:1      | 186 ||| Stepping ~*~*~tactically~*~*~ (stealth).
   205 | D:1      | Reached XP level 2. HP: 19/19 MP: 2/2
   310 | D:1      | Found a faded altar of an unknown god.
   556 | D:1      | Reached skill level 3 in Axes
   797 | D:1      | 797 ||| READING scroll labelled CUYJOFITYA.
   798 | D:1      | 798 ||| READING scroll labelled MIZIEQUAMU.
   799 | D:1      | 799 ||| READING scroll labelled YLLUTU BALU.
   800 | D:1      | 800 ||| READING 3 scrolls labelled SIFYRAU TIHAQU.
   801 | D:1      | 801 ||| DROPPING 2 scrolls of vulnerability.
   845 | D:2      | Noticed Terence
   854 | D:2      | HP: 2/19 [Terence/+0 flail (4)]
   858 | D:2      | Slain by Terence

Levels and vault maps discovered:
D:1:      dpeg_arrival_caged_fury, layout_loops_ring,
          ebering_ecumenical_altar_sacrificial
D:2:      minmay_razor_zed, layout_basic, uniq_terence

Skill      XL: |  1  2 |
---------------+-------+-----
Axes           | 2 3 |  3.0
Fighting       | |  3.2
Armour         | |  3.2
Shields        | |  3.2

Action                     || total
---------------------------++-------
  Melee: War axe           ||    47
    Use: Scroll            ||     4
 Armour: Scale mail        ||    17
  Dodge: Dodged            ||    16
  Block: Buckler           ||     7

Table legend:
 A = Non-vault XP
 B = Vault XP
 C = Vault XP percentage of total XP
 D = Non-vault monster count
 E = Vault monster count
 F = Vault count percentage of total count
                 A         B        C        D         E       F
            +---------+---------+-------+---------+---------+-------
      Total |      33 |       0 |   0.0 |      21 |       0 |   0.0
            +---------+---------+-------+---------+---------+-------
        D:1 |      32 |       0 |   0.0 |      20 |       0 |   0.0
        D:2 |       1 |       0 |   0.0 |       1 |       0 |   0.0
            +---------+---------+-------+---------+---------+-------
